 Dungeon Crawl Stone Soup version 0.30-a0-177-g1cb5dbfd7a (webtiles) character file.

Game seed: 1040149468722634404

8827 ytrimaz the Grappler (level 11, -6/105 HPs)
             Began as a Troll Transmuter on Oct 3, 2022.
             Was a Priest of Hepliaklqana.
             Mangled by an orc warrior
             ... wielding a +0 dire flail
              (16 damage)
             ... on level 9 of the Dungeon.
             The game lasted 00:15:09 (7808 turns).

ytrimaz the Grappler (Troll Transmuter)             Turns: 7808, Time: 00:15:09

Health: -6/105     AC:  8    Str: 20    XL:     11   Next: 15%
Magic:  0/11       EV:  9    Int: 19    God:    Hepliaklqana [***...]
Gold:   406        SH:  0    Dex: 10    Spells: 9/12 levels left

rFire   . . .      SeeInvis .      - Unarmed
rCold   + . .      Faith    .    (no shield)
rNeg    . . .      Spirit   +    v - +0 steam dragon scales
rPois   .          Reflect  .    (helmet restricted)
rElec   .          Harm     .    x - +0 cloak
rCorr   .          Rampage  .    (gloves unavailable)
Will    .....                    (boots unavailable)
Stlth   +.........               a - amulet of guardian spirit
HPRegen 1.17/turn                d - ring of protection from cold
MPRegen 0.12/turn                g - +6 ring of intelligence

@: wereblooded (expiring), studying Unarmed Combat
A: reduced essence, large, unfitting armour, claws 3, regeneration 1, shaggy fur
1, tough skin 1
a: Renounce Religion, Recall Ancestor, Ancestor Identity, Transference


You were on level 9 of the Dungeon.
You worshipped Hepliaklqana.
Hepliaklqana was most pleased with you.
You visited 2 branches of the dungeon, and saw 10 of its levels.
You also visited: Bailey.

You collected 423 gold pieces.
You spent 17 gold pieces at shops.


Innate Abilities, Weirdness & Mutations

Your life essence is reduced to manifest your ancestor. (-10% HP)
You are too large for most types of armour.
You have claws for hands.
Your natural rate of healing is unusually fast.
You are covered in fur. (AC +1)
You have tough skin. (AC +1)


   Skills:
 - Level 10.0 Fighting
 - Level 1.5 Dodging
 - Level 10.0 Unarmed Combat
 - Level 1.2 Spellcasting
 + Level 6.9 Transmutations


You had 9 spell levels left.
You knew the following spells:

 Your Spells              Type           Power      Damage    Failure   Level
a - Beastly Appendage     Tmut           54%        N/A       1%          1
b - Wereblood             Tmut           27%        N/A       1%          2

Your spell library contained the following spells:

 Spells                   Type           Power      Damage    Failure   Level
 Sting                    Tmut/Pois      56%        1d5       4%          1
 Spider Form              Tmut/Pois      14%        N/A       13%         3
 Magic Dart               Conj           4%         1d3       19%         1
 Poisonous Vapours        Pois/Air       2%         N/A       28%         2
 Searing Ray              Conj           2%         2d4       28%         2
 Ice Form                 Ice/Tmut       14%        N/A       41%         4
 Frozen Ramparts          Ice            2%         1d1       50%         3
 Animate Dead             Necr           1%         N/A       88%         4
 Cause Fear               Hex            0%         N/A       88%         4
 Fulminant Prism          Conj/Hex       0%         3d6       88%         4
 Olgreb's Toxic Radiance  Pois           1%         N/A       88%         4
 Summon Ice Beast         Ice/Summ       1%         N/A       88%         4
 Summon Mana Viper        Hex/Summ       1%         N/A       99%         5
 Dragon Form              Tmut           13%        N/A       100%        7
 Haunt                    Necr/Summ      0%         N/A       100%        7
 Monstrous Menagerie      Summ           0%         N/A       100%        7
 Infestation              Necr           0%         N/A       100%        8
 Dragon's Call            Summ           0%         N/A       100%        9

Inventory:

Missiles
 q - 2 throwing nets
Armour
 v - +0 steam dragon scales (worn)
   (You found it on level 6 of the Dungeon)
 x - a +0 cloak (worn)
   (You took it off Crazy Yiuf on level 6 of the Dungeon)
Jewellery
 a - an amulet of guardian spirit (around neck)
   (You found it on level 6 of the Dungeon)
 d - a ring of protection from cold (left claw)
   (You found it on level 1 of the Dungeon)
 g - a +6 ring of intelligence (right claw)
   (You found it on level 1 of the Dungeon)
 i - a ring of flight
   (You found it on level 2 of the Dungeon)
 n - a ring of ice
   (You found it on level 4 of the Dungeon)
 t - a +6 ring of dexterity
   (You found it on level 3 of the Dungeon)
Wands
 b - a wand of quicksilver (13) (quivered)
   (You took it off an orc priest on level 4 of the Dungeon)
 c - a wand of iceblast (8)
   (You found it on level 5 of the Dungeon)
 l - a wand of flame (34)
   (You found it on level 4 of the Dungeon)
 m - a wand of mindburst (20)
   (You found it on level 5 of the Dungeon)
 w - a wand of polymorph (7)
   (You took it off Crazy Yiuf on level 6 of the Dungeon)
Scrolls
 e - a scroll of identify
 f - 4 scrolls of silence
 h - a scroll of enchant weapon
 j - a scroll of teleportation
 p - 2 scrolls of amnesia
 r - a scroll of fog
 y - a scroll of acquirement
 A - a scroll of magic mapping
Potions
 k - 6 potions of might
 o - 2 potions of curing
 s - a potion of flight
 u - 2 potions of invisibility {unknown}
 z - 2 potions of magic
 B - a potion of resistance {unknown}
 C - a potion of mutation {unknown}

Dungeon Overview and Level Annotations

Branches:
Dungeon (9/15) Zot: 26959  Temple (1/1) D:4 Zot: 5841  Bailey (visited)
   Lair: D:8-11         Orc: D:9-12

Altars:
Ashenzari
Cheibriados
Dithmenos
Elyvilon
Fedhas
Gozag
Hepliaklqana
Kikubaaqudgha
Makhleb
Nemelex Xobeh
Okawaru
Ru
Sif Muna
Trog
Uskayaw
Vehumet
Wu Jian
Yredelemnul
Zin
The Shining One

Shops:
D:1 [?*

Annotations:
D:7 3 runed translucent doors, KennySheep's ghost, novice NaEE

# .# ##...## #. #
#.....##.. #.
#.#...#... #..#
#.#......? #...
#.........
#....######......#
#oo@YYg.....?#c.
##o###YR?.......
####...........
#...#.>.##[.
#...###.## #....
## ##..# ##.# ##


You could see the friendly Paullus the knight, 3 yaks, an orc warrior, a gnoll
and 2 orcs.


Message History

The killer bee stings you but does no damage.
Paullus barely misses the yak. 😮 HP[-7]
You take 7 damage, and now have 63/105 hp.
You miss the killer bee.
You feel sick.
The killer bee stings you but does no damage.
Paullus blocks the yak's attack.
The killer bee stings you but does no damage.
You miss the killer bee.
You feel sick. The killer bee stings you.
Paullus hits the yak with a +0 flail.
The yak gores Paullus but does no damage. 😮 HP[-3] MP[+1]
You take 3 damage, and now have 60/105 hp.
Unknown command.
You closely miss the killer bee.
You feel sick. The killer bee barely misses you.
Paullus hits the yak with a +0 flail!
The killer bee closely misses you.
You closely miss the killer bee.
You feel sick. The killer bee stings you.
Paullus hits the yak with a +0 flail!
The yak dies!
The killer bee stings you.
An orc comes into view.
It is wielding a +0 hand axe. 😮 HP[-6] MP[-2]
You take 6 damage, and now have 54/105 hp.
You lost 2 mp, and now have 5/11 mp.
Unknown command.
You claw the killer bee!
You feel sick. The killer bee barely misses you.
You scratch the killer bee.
You feel a bit better.
You kill the killer bee!
Something hits Paullus but does no damage.
Something gores Paullus.
An orc warrior comes into view. It is wielding a +0 dire flail.
Paullus hits the gnoll with a +0 flail. 😮 HP[+2]
You regained 2 hp, and now have 56/105 hp.
Unknown command.
You claw the yak!
Your primal bloodlust is almost over.
You feel sick.
Something closely misses Paullus.
The yak gores you!
* * * LOW HITPOINT WARNING * * *
Something gores Paullus. 😨 HP[-11] MP[-2]
You take 11 damage, and now have 45/105 hp.
You lost 2 mp, and now have 3/11 mp.
You claw the yak!
You feel sick.
Paullus barely misses the gnoll.
The yak gores you!
* * * LOW HITPOINT WARNING * * *
Something barely misses Paullus.
Paullus blocks something's attack.
The orc hits you but does no damage. 😨 HP[-8]
You take 8 damage, and now have 37/105 hp.
You claw the yak!
You feel sick.
You are no longer poisoned.
Paullus hits the gnoll with a +0 flail!
The gnoll dies!
An orc comes into view. It is wielding a +0 flail.
Something gores Paullus.
The orc hits you but does no damage.
Paullus blocks something's attack.
The orc warrior hits you with a +0 dire flail!
* * * LOW HITPOINT WARNING * * *
😨 HP[-10] MP[-1]
You take 10 damage, and now have 27/105 hp.
You lost 1 mp, and now have 2/11 mp.
Unknown command.
You barely miss the orc warrior. Your claw misses the orc warrior.
You howl as the wereblood boils in your veins!
You hear a shout!
Paullus hits the centaur with a +0 flail!
You hear a shout! 😨 HP[+1]
You completely miss the orc warrior. The orc hits you with a +0 hand axe.
* * * LOW HITPOINT WARNING * * *
The orc warrior closely misses you.
Paullus hits the centaur with a +0 flail!
The centaur dies! 😨 HP[-1] MP[-1]
You take 1 damage, and now have 27/105 hp.
You lost 1 mp, and now have 1/11 mp.
Unknown command.
You claw the orc warrior! Your claw misses the orc warrior.
Something gores Paullus but does no damage.
The yak gores you!
* * * LOW HITPOINT WARNING * * *
The orc hits you but does no damage.
The orc warrior hits you with a +0 dire flail!
* * * LOW HITPOINT WARNING * * *
😱 HP[-18] MP[-1]
You take 18 damage, and now have 9/105 hp.
You lost 1 mp, and now have 0/11 mp.
Unknown command.
Okay, then.
Okay, then.
You feel better.
You howl as the wereblood boils in your veins!
Paullus closely misses the gnoll.
The orc hits you with a +0 hand axe.
* * * LOW HITPOINT WARNING * * *
The yak gores you.
* * * LOW HITPOINT WARNING * * *
The orc warrior hits you with a +0 dire flail!
You die...

Skill      XL: |  1  2  3  4  5  6  7  8  9 10 |
---------------+-------------------------------+-----
Fighting       | 1 2 3 4 5 6 9 10 | 10.0
Unarmed Combat | 4 5 6 7 8 10 | 10.0
Transmutations | 6 |  6.9
Dodging        | |  1.5
Spellcasting   | |  1.2

Action                   |  1- 3 |  4- 6 |  7- 9 | 10-12 || total
-------------------------+-------+-------+-------+-------++-------
Melee: Unarmed           |    67 |   160 |   226 |   213 ||   666
       Punch             |     1 |     2 |    15 |    10 ||    28
 Cast: Beastly Appendage |     4 |       |       |       ||     4
       Wereblood         |       |       |       |     2 ||     2
Invok: Ancestor Life: Kn |       |       |     1 |       ||     1
Evoke: Wand              |       |       |     8 |     8 ||    16
  Use: Scroll            |     3 |     6 |     3 |     3 ||    15
       Potion            |       |     2 |     9 |     5 ||    16
 Stab: Sleeping          |       |       |     1 |       ||     1
       Distracted        |       |       |       |     1 ||     1
Armor: Robe              |    20 |    47 |    29 |       ||    96
       Skin              |       |    16 |    60 |       ||    76
       Steam dragon scal |       |       |    35 |    80 ||   115
Dodge: Dodged            |    23 |    66 |    86 |   102 ||   277

Levels and vault maps discovered:
D:1:      evilmike_arrival_come_back, layout_rooms,
          shapermc_ecumenical_altar_gd, serial_shops, shop, nicolae_shop_trees,
          shop, minmay_tripent
D:2:      layout_loops_cross
D:3:      layout_basic, mainiacjoe_overflow_brackets
D:4:      layout_cave_pools, nicolae_vehumet_radiance, temple_pool_b,
          grunt_decor_junction, chequers_serial_rivers_small_a
D:5:      cheibrodos_barr_body, layout_loops_ring,
          mainiacjoe_overflow_cross_hatched, nicolae_ru_path_of_blood,
          nicolae_elyvilon_peaceful_grove, uniq_grinder, uniq_edmund,
          uniq_duvessa
D:6:      layout_loops_cross, jmf_multi_god_temple2,
          mainiacjoe_overflow_large_starburst, corexii_hall_statues_u,
          kennysheep_crisscross, uniq_crazy_yiuf_cottage
D:7:      layout_basic, mainiacjoe_overflow_surrounded_room,
          gammafunk_ghost_necromancy, mrwooster_statue_mirror,
          kennysheep_cluttered_room
D:8:      layout_basic, old_standard_altar, lemuel_doored_altar,
          nemelex_altar_shiori, enter_bailey_5, minmay_manual_mess, uniq_erica,
          uniq_pikel
D:9:      layout_cave_pools, xom_confusion_cloud, special_room
          [special_room_orc], serial_gnoll_camp, gnoll_camp_mini_doghouse,
          gnoll_camp_huts_basic, gnoll_camp_mini_hut, gnoll_camp_mini_shop,
          uniq_harold
Temple:   hellmonk_temple_beads

Notes
Turn   | Place    | Note
-------+----------+-------------------------------------------
     0 | D:1      | ytrimaz the Troll Transmuter began the quest for the Orb.
     0 | D:1      | Reached XP level 1. HP: 18/18 MP: 1/1
     0 | D:1      | magus.rc [v1.9.6]
     8 | D:1      | Noticed an ogre
    24 | D:1      | Reached skill level 1 in Fighting
    35 | D:1      | Reached XP level 2. HP: 25/27 MP: 2/2
    53 | D:1      | Found a faded altar of an unknown god.
    74 | D:1      | Found Tasenleu's Assorted Antiques.
    85 | D:1      | Bought a scroll labelled REW SUYTASIRU for 17 gold pieces
   176 | D:1      | Found Xaasol's Magic Scroll Shoppe.
   186 | D:1      | Found Tyeg's Armour Emporium.
   483 | D:1      | Reached XP level 3. HP: 35/35 MP: 3/3
   622 | D:2      | Reached skill level 2 in Fighting
   639 | D:2      | You pick up a book of Death and begin reading...
   639 | D:2      | You add the spells Animate Dead, Haunt and Infestation to
                  | your library.
   788 | D:2      | Reached skill level 4 in Unarmed Combat
   810 | D:2      | Reached XP level 4. HP: 42/42 MP: 4/4
   973 | D:2      | You fall into a shaft and drop 2 floors!
   973 | D:4      | Found a staircase to the Ecumenical Temple.
  1002 | Temple   | Entered the Ecumenical Temple
  1136 | Temple   | Became a worshipper of Hepliaklqana the Forgotten
  1203 | D:4      | Found a radiant altar of Vehumet.
  1269 | D:4      | Noticed an ogre
  1277 | D:4      | Killed an ogre
  1278 | D:4      | Reached skill level 3 in Fighting
  1278 | D:4      | Reached XP level 5. HP: 32/53 MP: 5/5
  1284 | D:4      | Reached skill level 5 in Unarmed Combat
  1292 | D:4      | HP: 11/53 [scorpion (4)]
  1297 | D:4      | HP: 6/79 [poisoned by a scorpion]
  1301 | D:4      | Reached XP level 6. HP: 5/61 MP: 6/6
  1302 | D:4      | HP: 5/91 [poisoned by a scorpion]
  1459 | D:4      | You add the spells Sting, Poisonous Vapours and Olgreb's
                  | Toxic Radiance to your library.
  1626 | D:3      | Reached skill level 4 in Fighting
  1696 | D:2      | Identified the +4 sling of Charity {venom, rElec rC- Dex+6}
  2074 | D:3      | Found a shimmering blue altar of Sif Muna.
  2079 | D:3      | Reached * piety under Hepliaklqana
  2488 | D:4      | You pick up a book of the Dragon and begin reading...
  2488 | D:4      | You add the spells Cause Fear, Dragon Form and Dragon's
                  | Call to your library.
  2841 | D:5      | Entered Level 5 of the Dungeon
  2890 | D:5      | Noticed Edmund
  2893 | D:5      | Reached skill level 6 in Unarmed Combat
  2893 | D:5      | Reached XP level 7. HP: 63/63 MP: 7/7
  2901 | D:5      | HP: 15/63 [Edmund/+1 vorpal dire flail (1)]
  2903 | D:5      | HP: 7/63 [Edmund/+1 vorpal dire flail (5)]
  2913 | D:5      | HP: 15/63 [Edmund/+1 vorpal dire flail (3)]
  2914 | D:5      | Killed Edmund
  3027 | D:5      | Noticed Duvessa
  3028 | D:5      | Noticed Dowan
  3030 | D:5      | Killed Dowan
  3038 | D:5      | Killed Duvessa
  3039 | D:5      | Reached skill level 5 in Fighting
  3102 | D:5      | Reached skill level 7 in Unarmed Combat
  3208 | D:5      | Reached XP level 8. HP: 72/72 MP: 8/8
  3218 | D:5      | HP: 17/74 [orc warrior/+0 dire flail (14)]
  3303 | D:5      | Reached skill level 6 in Fighting
  3305 | D:5      | Reached skill level 8 in Unarmed Combat
  3432 | D:5      | Found an opulent altar of Gozag.
  3440 | D:5      | Noticed Grinder
  3482 | D:5      | Killed Grinder
  3588 | D:5      | Found a white marble altar of Elyvilon.
  3685 | D:5      | Found a sacrificial altar of Ru.
  3858 | D:6      | Reached XP level 9. HP: 78/82 MP: 9/9
  3866 | D:6      | Reached skill level 7 in Fighting
  3867 | D:6      | Reached skill level 9 in Unarmed Combat
  3938 | D:6      | Found a runed translucent door.
  3939 | D:6      | Noticed Crazy Yiuf
  4087 | D:6      | Found a large runed translucent door.
  4087 | D:6      | Found a large runed translucent door.
  4089 | D:6      | Reached ** piety under Hepliaklqana
  4160 | D:6      | Remembered your ancestor Paullus as a knight
  4174 | D:6      | You pick up a book of Conjurations and begin reading...
  4174 | D:6      | You add the spells Magic Dart, Searing Ray and Fulminant
                  | Prism to your library.
  4179 | D:6      | Found a basalt altar of Yredelemnul.
  4179 | D:6      | Found a glowing silver altar of Zin.
  4794 | D:6      | Found an iron altar of Okawaru.
  4797 | D:6      | Found a shadowy altar of Dithmenos.
  4916 | D:6      | Killed Crazy Yiuf
  5104 | D:7      | Reached skill level 10 in Unarmed Combat
  5108 | D:7      | Reached skill level 8 in Fighting
  5138 | D:7      | Found a runed translucent gate.
  5138 | D:7      | Found a runed translucent gate.
  5138 | D:7      | Found a runed translucent gate.
  5139 | D:7      | Noticed KennySheep's ghost (novice NaEE)
  5221 | D:7      | HP: 19/86 [killer bee (6)]
  5226 | D:7      | HP: 19/86 [poisoned by a killer bee]
  5263 | D:7      | Reached skill level 9 in Fighting
  5349 | D:7      | Found a blossoming altar of Fedhas.
  5353 | D:7      | You pick up a book of Beasts and begin reading...
  5353 | D:7      | You add the spells Summon Ice Beast, Summon Mana Viper and
                  | Monstrous Menagerie to your library.
  5363 | D:7      | You pick up a book of Rime and begin reading...
  5549 | D:7      | Reached XP level 10. HP: 92/96 MP: 8/10
  5874 | D:8      | Reached *** piety under Hepliaklqana
  5905 | D:8      | Reached skill level 2 in Transmutations
  6007 | D:8      | Found a snail-covered altar of Cheibriados.
  6103 | D:8      | Found a flagged portal.
  6120 | D:8      | Noticed Erica
  6131 | D:8      | HP: 24/99 [Erica/+4 scimitar of flaming (2)]
  6132 | D:8      | Killed Erica
  6133 | D:8      | Reached skill level 10 in Fighting
  6133 | D:8      | Reached skill level 3 in Transmutations
  6183 | Bailey   | Entered a bailey
  6224 | Bailey   | Reached skill level 4 in Transmutations
  6341 | Bailey   | HP: 18/86 [gnoll/+4 halberd of electrocution (18)]
  6607 | D:8      | Noticed a five-headed hydra
  6619 | D:8      | HP: 16/88 [six-headed hydra (8)]
  6705 | D:8      | Noticed a two-headed ogre
  6713 | D:8      | Killed a two-headed ogre
  6714 | D:8      | Reached skill level 5 in Transmutations
  6759 | D:8      | Found a burning altar of Makhleb.
  6838 | D:8      | Found a sparkling altar of Nemelex Xobeh.
  7122 | D:8      | HP: 20/86 [nine-headed hydra (5)]
  7123 | D:8      | Killed a nine-headed hydra
  7124 | D:8      | Reached skill level 6 in Transmutations
  7224 | D:8      | Noticed Pikel
  7251 | D:8      | Killed Pikel
  7252 | D:8      | Reached XP level 11. HP: 97/105 MP: 8/11
  7730 | D:8      | Learned a level 2 spell: Wereblood
  7807 | D:9      | HP: 18/105 [yak (10)]
  7808 | D:9      | Mangled by an orc warrior

Vanquished Creatures
  A hydra (D:8)
  Erica (D:8)
  Pikel (D:8)
  An unseen horror (D:8)
  Grinder (D:5)
  A wyvern (D:8)
  A yak (D:9)
  3 steam dragons
  Edmund (D:5)
  Duvessa (D:5)
  2 orc warriors (D:5)
  3 water moccasins
  An ice beast (D:7)
  2 sky beasts
  A black bear (D:6)
  2 centaurs (D:7)
  2 ogres
  2 lemures (D:8)
  2 phantoms (D:5)
  A kobold brigand (D:8)
  A bullfrog (D:8)
  4 necrophages
  4 scorpions
  3 wights (D:8)
  Dowan (D:5)
  6 killer bees
  A howler monkey (D:5)
  3 electric eels (D:7)
  5 orc priests
  8 hounds
  A jelly (D:5)
  4 gnoll boudas
  Crazy Yiuf (D:6)
  4 iguanas
  8 orc wizards
  24 gnolls
  10 adders
  2 white imps (D:5)
  A worm (D:3)
  A dart slug (D:3)
  36 orcs
  4 ball pythons
  3 bats
  9 endoplasms
  3 giant cockroaches
  6 goblins
  9 hobgoblins
  2 quokkas (D:4)
  A frilled lizard (D:1)
  10 kobolds
  3 rats
208 creatures vanquished.

Vanquished Creatures (collateral kills)
  A two-headed ogre (D:8)
  2 yaks (D:9)
  A steam dragon (D:8)
  3 orc warriors
  A sky beast (D:7)
  A black bear (D:7)
  A centaur (D:9)
  2 bullfrogs
  A wight (D:8)
  A hound (D:7)
  A gnoll bouda (D:6)
  An orc wizard (D:5)
  4 gnolls
  An adder (D:6)
  An ufetubus (D:5)
  A ball python (D:3)
  A giant cockroach (D:3)
  4 goblins (D:8)
  A bat (D:3)
29 creatures vanquished.

Vanquished Creatures (others)
  A killer bee (D:9)
  4 knights
  3 ancestors (D:5)
  A demonic plant (D:1)
  3 withered plants (D:1)
12 creatures vanquished.

Grand Total: 249 creatures vanquished

Table legend:
 A = Non-vault XP
 B = Vault XP
 C = Vault XP percentage of total XP
 D = Non-vault monster count
 E = Vault monster count
 F = Vault count percentage of total count
                 A         B        C        D         E       F
            +---------+---------+-------+---------+---------+-------
      Total |    7680 |    4931 |  39.1 |     184 |      52 |  22.0
            +---------+---------+-------+---------+---------+-------
        D:1 |      27 |      16 |  37.2 |      15 |       2 |  11.8
        D:2 |     107 |       0 |   0.0 |      21 |       0 |   0.0
        D:3 |     100 |       0 |   0.0 |      20 |       0 |   0.0
        D:4 |     434 |       0 |   0.0 |      20 |       0 |   0.0
        D:5 |     624 |    1453 |  70.0 |      19 |      14 |  42.4
        D:6 |    1213 |     153 |  11.2 |      29 |       3 |   9.4
        D:7 |    1637 |       0 |   0.0 |      21 |       0 |   0.0
        D:8 |    2569 |    3014 |  54.0 |      31 |      11 |  26.2
        D:9 |     969 |      14 |   1.4 |       8 |       1 |  11.1
     Bailey |       0 |     281 | 100.0 |       0 |      21 | 100.0
            +---------+---------+-------+---------+---------+-------

Illustrated notes

Table legend:
 A = Kills in this place as a percentage of kills in entire the game.
 B = Kills by you in this place as a percentage of kills by you in the entire game.
 C = Kills by friends in this place as a percentage of kills by friends in the entire game.
 D = Other kills in this place as a percentage of other kills in the entire game.
 E = Experience gained in this place as a percentage of experience gained in the entire game.
 F = Experience gained in this place divided by the number of levels of this place that you have seen.
                   A       B       C       D       E      F
               +-------+-------+-------+-------+-------+----------------------
         Total | 100.0 | 100.0 | 100.0 | 100.0 | 100.0 | 1146.5
       Dungeon |  91.1 |  91.3 |  89.7 | 100.0 |  97.8 | 1370.0
        Bailey |   8.9 |   8.7 |  10.3 |   0.0 |   2.2 | 281.0
               +-------+-------+-------+-------+-------+----------------------

Table legend: (Time is in decaauts)
 A = Elapsed time spent in this place.
 B = Non-inter-level travel time spent in this place.
 C = Inter-level travel time spent in this place.
 D = Time resting spent in this place.
 E = Time spent auto-exploring this place.
 F = Levels seen in this place.
 G = Mean time per level.
                   A        B        C        D        E       F      G
               +--------+--------+--------+--------+--------+-----+--------+
         Total |   7725 |   7464 |    261 |    397 |   5270 |  11 |  702.3 |
       Dungeon |   7227 |   7022 |    205 |    395 |   4980 |   9 |  803.0 |
        Temple |    158 |    102 |     56 |      0 |     92 |   1 |  158.0 |
        Bailey |    339 |    339 |      0 |      2 |    198 |   1 |  339.0 |
               +--------+--------+--------+--------+--------+-----+--------+

Top non-repeatable levels by time:
     D:8: 1547 daAuts
     D:6: 1229 daAuts
     D:5: 997 daAuts
     D:7: 747 daAuts
     D:4: 738 daAuts
     D:2: 727 daAuts
     D:3: 643 daAuts
     D:1: 557 daAuts
  Bailey: 339 daAuts
  Temple: 158 daAuts
     D:9: 39 daAuts
